[Event "Early-Titled-Tuesday-Blitz-December-26-2023"]
[Site "Chess.com"]
[Date "2023.12.26"]
[Round "9"]
[White "SCIM"]
[Black "Alexei_Gubajdullin"]
[Result "1-0"]
[WhiteElo "2529"]
[BlackElo "2644"]
[TimeControl "180+1"]
[EndTime "9:44:33 PST"]
[Termination "SCIM won by resignation"]

1. d4 Nf6 2. c4 g6 3. Nc3 Bg7 4. e4 d6 5. f3 O-O 6. Bg5 Na6 7.
Qd2 c5 8. d5 e6 9. Nge2 h6 10.
Be3 exd5 11. cxd5 Kh7 12. Ng3 Nc7 13. Bd3 b5 14. O-O c4 15. Bc2 b4 16. Nce2 a5 17.
Nd4 Ba6 18. Nc6 Qd7 19. Rfe1 Nb5 20. Ba4 c3 21. bxc3 Nxc3 22. Bc2 Bb5 23. Nd4 a4 24. a3 Rfc8 25. axb4 a3 26. Bb3 Ne8 27. Rec1 Na4 28. Rxa3 Rxc1+ 29. Qxc1 Nb6 30. Rxa8 Nxa8 31. h4 Nec7 32.
h5 Qe8 33. hxg6+ fxg6 34. Nxb5 Nxb5 35. Qc6 Nd4 36. Qxe8 Nxb3 37. Qxa8 1-0

[Event "Early-Titled-Tuesday-Blitz-December-26-2023"]
[Site "Chess.com"]
[Date "2023.12.26"]
[Round "9"]
[White "Kotlyar_K"]
[Black "johnmez"]
[Result "0-1"]
[WhiteElo "2465"]
[BlackElo "2326"]
[TimeControl "180+1"]
[EndTime "9:44:34 PST"]
[Termination "johnmez won by resignation"]

1. e4 e6 2. Nf3 d5 3. Nc3 Nf6 4. e5 Nfd7 5. d4 c5 6. dxc5 Nc6 7. Bf4 Bxc5 8. Bd3 f6 9. exf6 Nxf6 10. O-O O-O 11. Bg3 Bd7 12. Re1 g6 13. Qe2 Nh5 14.
Rad1 Nxg3 15. hxg3 Qf6 16. Na4 Nd4 17. Qd2 Nxf3+ 18.
gxf3 Bxa4 19. b3 Bc6 20. Be2 Rad8 21. Qa5 Bb6 22. Qb4 Qg5 23. Kg2 d4 24. Qc4 Qf5 25. Rd3 Bb5 26. Qb4 Bxd3 27. cxd3 Ba5 28. Qxb7 Bxe1 29.
g4 Qe5 30. Kf1 Bd2 31. Qxa7 Rc8 0-1

[Event "Early-Titled-Tuesday-Blitz-December-26-2023"]
[Site "Chess.com"]
[Date "2023.12.26"]
[Round "9"]
[White "Magila31"]
[Black "NelsonLinda"]
[Result "1-0"]
[WhiteElo "2397"]
[BlackElo "2603"]
[TimeControl "180+1"]
[EndTime "9:44:37 PST"]
[Termination "Magila31 won by resignation"]

1. Nf3 Nf6 2. g3 g6 3. Bg2 Bg7 4. O-O O-O 5. d4 d6 6. c3 Nc6 7. Nbd2 e5 8. e4 Re8 9. d5 Nb8 10. a4 a5 11. Qc2 Nbd7 12. b4 Rf8 13. Nb3 b6 14. bxa5 bxa5 15. c4 Ba6 16. Re1 c5 17.
Bd2 Nb6 18. Nxa5 Nfd7 19. Nc6 Qe8 20. Bf1 Nb8 21. Nxb8 Rxb8 22. a5 Nd7 23. Rab1 Qd8 24. Qa4 Qc7 25. Qc6 Qa7 26. Qxd6 Rbd8 27. Qc6 Rc8 28.
Qa4 h6 29. Bh3 f5 30. Nh4 Rf7 31. Nxg6 fxe4 32. Be6 Nf6 33. Nxe5 Rc7 34. Nxf7 Rxf7 35. Bc3 1-0

[Event "Early-Titled-Tuesday-Blitz-December-26-2023"]
[Site "Chess.com"]
[Date "2023.12.26"]
[Round "9"]
[White "ChessSwole"]
[Black "Lion_DL"]
[Result "0-1"]
[WhiteElo "2691"]
[BlackElo "2384"]
[TimeControl "180+1"]
[EndTime "9:44:39 PST"]
[Termination "Lion_DL won by checkmate"]

1. d4 Nf6 2. Nc3 d5 3. Bf4 c5 4. e3 cxd4 5. exd4 a6 6. Nf3 Bg4 7. h3 Bxf3 8. Qxf3 Nc6 9. O-O-O e6 10. g4 Bb4 11. g5 Bxc3 12. Qxc3 Ne4 13. Qe3 Qa5 14. Kb1 Rc8 15. a3 Ke7 16. Bd3 Nd6 17. Bxd6+ Kxd6 18. c3 Rhd8 19. h4 Ne7 20. Qf4+ Kd7 21.
Rhe1 Rf8 22. h5 g6 23. Qf6 Qb6 24. Ka2 Qd6 25. Qg7 gxh5 26. Bxh7 b5 27. g6 fxg6 28. Re5 Rxf2 29. Rde1 Rxc3 30. Rxe6 Qxa3+ 31. Kb1 Qxb2# 0-1

[Event "Early-Titled-Tuesday-Blitz-December-26-2023"]
[Site "Chess.com"]
[Date "2023.12.26"]
[Round "9"]
[White "Yeritsyaan"]
[Black "Road2GM3000"]
[Result "1-0"]
[WhiteElo "2649"]
[BlackElo "2505"]
[TimeControl "180+1"]
[EndTime "9:44:43 PST"]
[Termination "Yeritsyaan won by resignation"]

1. Nf3 d5 2. g3 Nf6 3. Bg2 c6 4. O-O Bg4 5. c4 e6 6. cxd5 cxd5 7.
b3 Be7 8. Bb2 O-O 9. d3 Nc6 10.
Nbd2 Rc8 11. a3 Qb6 12. Rc1 h6 13. Rc2 Qa6 14. Qa1 Bxf3 15. Nxf3 Na5 16. Rxc8 Rxc8 17.
b4 Nb3 18. Qd1 Qa4 19. Nd4 Nc5 20. bxc5 Qa5 21. Nb3 Qb5 22. d4 a5 23. Qd3 Qxd3 24. exd3 a4 25. Nd2 b6 26. Rc1 bxc5 27. dxc5 Rxc5 28.
Rxc5 Bxc5 29. Bf3 Nd7 30. Bd1 Nb6 31. Kf1 f6 32. Nb1 d4 33. Nd2 e5 34. Nc4 Nxc4 35. dxc4 e4 36. Bxa4 f5 37. Bd7 g6 38. g4 f4 39. Bc6 e3 40. Be4 Kf7 41. fxe3 fxe3 42. Ke2 Kf6 43. Kd3 Kg5 44. Bf3 Kf4 45. Be2 Ke5 46. a4 g5 47. a5 Ba7 48. a6 Bc5 49. Ba3 Ba7 50. Bf8 Kf4 51. Bxh6 Bc5 52. Bg7 Bb6 53. Bf8 Bc5 54. Bxc5 1-0

[Event "Early-Titled-Tuesday-Blitz-December-26-2023"]
[Site "Chess.com"]
[Date "2023.12.26"]
[Round "9"]
[White "deribas12345"]
[Black "Giantgoogachess"]
[Result "0-1"]
[WhiteElo "2529"]
[BlackElo "2410"]
[TimeControl "180+1"]
[EndTime "9:44:49 PST"]
[Termination "Giantgoogachess won by resignation"]

1. d4 Nf6 2. c4 e6 3. Nc3 Bb4 4.
a3 Bxc3+ 5. bxc3 c5 6. f3 Nc6 7. e4 d6 8. Bd3 b6 9. Ne2 Qc7 10. O-O Ba6 11. f4 O-O-O 12. e5 Nd7 13. Be3 f5 14. d5 dxe5 15. dxc6 Qxc6 16. Qb3 Bb7 17. Rf2 Nf6 18. Nc1 Ng4 19. Qb5 Nxe3 20. Qxc6+ Bxc6 21. fxe5 Rd7 22. a4 Rhd8 23. a5 Rxd3 24. Nxd3 Rxd3 25.
axb6 axb6 26. h3 Nxg2 27. Ra7 Nh4 28. Rfa2 Bb7 29. Rb2 Kc7 30. Kf2 Rxh3 31. Kg1 Rh1+ 0-1

[Event "Early-Titled-Tuesday-Blitz-December-26-2023"]
[Site "Chess.com"]
[Date "2023.12.26"]
[Round "9"]
[White "Devil_Sun"]
[Black "Alexchess1984"]
[Result "1-0"]
[WhiteElo "2620"]
[BlackElo "2709"]
[TimeControl "180+1"]
[EndTime "9:44:54 PST"]
[Termination "Devil_Sun won by resignation"]

1. d4 Nf6 2. c4 g6 3. Nc3 d5 4.
Nf3 Bg7 5. Qb3 dxc4 6. Qxc4 O-O 7. e4 a6 8. Be2 b5 9. Qb3 Bb7 10. e5 Nd5 11. O-O Nxc3 12. bxc3 Bd5 13. Qc2 Nc6 14. Rd1 Qd7 15. Be3 Na5 16. Nd2 c5 17. Ne4 cxd4 18. Bxd4 Qc6 19. Bf3 Nc4 20. Qe2 Rad8 21. Ng5 Bxf3 22.
Nxf3 e6 23. a4 bxa4 24. Nd2 Nxd2 25. Rxd2 Qb5 26. Rda2 Rc8 27. Qd1 Bxe5 28. Rxa4 Bxd4 29. cxd4 Rc6 30. h3 Rd8 31. Qf3 Qd5 32. Qd3 e5 33. Rxa6 Rxa6 34. Rxa6 Qxd4 35. Qb5 Qd1+ 36. Kh2 Qd6 37.
Rxd6 1-0

[Event "Early-Titled-Tuesday-Blitz-December-26-2023"]
[Site "Chess.com"]
[Date "2023.12.26"]
[Round "9"]
[White "TanitoluwaAps116"]
[Black "Herzog2012"]
[Result "1-0"]
[WhiteElo "2724"]
[BlackElo "2548"]
[TimeControl "180+1"]
[EndTime "9:45:00 PST"]
[Termination "TanitoluwaAps116 won on time"]

1. e4 c5 2. Nf3 d6 3. Bb5+ Nd7 4. c3 Nf6 5. Bd3 g6 6. Bc2 Bg7 7. d4 O-O 8. O-O e5 9. dxe5 Nxe5 10. Nxe5 dxe5 11. c4 Be6 12. Qe2 Qd4 13. Rd1 Qxc4 14.
Qxc4 Bxc4 15. Nc3 Rfd8 16. Be3 b6 17. Bb3 Bxb3 18. axb3 Rxd1+ 19. Rxd1 Kf8 20. Bg5 Ke8 21. Nb5 Ke7 22. Nc7 Rc8 23. Bxf6+ Bxf6 24. Nd5+ Ke6 25. Ra1 c4 26. b4 Bg5 27. Rxa7 Bc1 28. Nxb6 Rc6 29.
b5 Bxb2 30. bxc6 c3 31. c7 1-0

[Event "Early-Titled-Tuesday-Blitz-December-26-2023"]
[Site "Chess.com"]
[Date "2023.12.26"]
[Round "9"]
[White "SmirnovTimofey2000"]
[Black "Navyblue1"]
[Result "0-1"]
[WhiteElo "2024"]
[BlackElo "2168"]
[TimeControl "180+1"]
[EndTime "9:45:04 PST"]
[Termination "Navyblue1 won on time"]

1. d4 Nf6 2. Bf4 c5 3. e3 Qb6 4. Nc3 d6 5. a3 g6 6. Nf3 Bg7 7. Be2 O-O 8. O-O Bd7 9. Rb1 Qc7 10. dxc5 Qxc5 11. Qd3 Bc6 12. h3 e5 13. b4 Qb6 14.
Qxd6 exf4 15. Qxf4 a6 16. Nd4 Nbd7 17. Qd6 Rfe8 18. Bg4 Rad8 19. Bxd7 Rxd7 20. Qf4 Nd5 21. Nxd5 Bxd5 22. Rbd1 Bxd4 23. exd4 Be6 24. Qd2 Qc6 25. c3 Rd5 26. Rfe1 Rc8 0-1

[Event "Early-Titled-Tuesday-Blitz-December-26-2023"]
[Site "Chess.com"]
[Date "2023.12.26"]
[Round "9"]
[White "FoxOnTheRun97"]
[Black "WindWhistler11"]
[Result "0-1"]
[WhiteElo "2563"]
[BlackElo "2472"]
[TimeControl "180+1"]
[EndTime "9:45:07 PST"]
[Termination "WindWhistler11 won by checkmate"]

1. d4 Nf6 2. Bg5 Ne4 3. h4 c5 4.
d5 g6 5. Nd2 Nxg5 6. hxg5 Bg7 7. c3 Na6 8. e4 d6 9. f4 Nc7 10. a4 b6 11. Ngf3 Rb8 12. Nc4 a6 13. Be2 b5 14.
axb5 axb5 15. Ne3 b4 16. Qc2 bxc3 17. bxc3 e6 18. dxe6 Nxe6 19. Nd5 O-O 20. Bc4 Bb7 21. g3 Re8 22. Qh2 Nf8 23. Nd2 Bxd5 24. Bxd5 Bxc3 25. Ra7 Re7 26. Rxe7 Qxe7 27. O-O Rb2 28. Rf2 Bd4 29. Kh1 Bxf2 30. Qxf2 Qa7 31. f5 Qa1+ 32. Kg2 Qc1 33. Bxf7+ Kh8 34. Kh3 Qxd2 35. Qg1 Qxg5 36. fxg6 Qh5# 0-1

[Event "Early-Titled-Tuesday-Blitz-December-26-2023"]
[Site "Chess.com"]
[Date "2023.12.26"]
[Round "9"]
[White "drillovsky"]
[Black "Zavgorodniy_Sergiy"]
[Result "1-0"]
[WhiteElo "2423"]
[BlackElo "2612"]
[TimeControl "180+1"]
[EndTime "9:45:08 PST"]
[Termination "drillovsky won by resignation"]

1. e4 c6 2. d4 d5 3. e5 Bf5 4. h4 h5 5. c4 e6 6. Nc3 dxc4 7. Bxc4 Nd7 8. Nge2 Nb6 9. Bb3 Ne7 10. Bg5 Qd7 11. a4 a5 12. O-O Ned5 13.
Ng3 Bg6 14. Nce4 Bb4 15. Nc5 Qc7 16. Nge4 Bxc5 17. Nxc5 O-O 18. Bc2 Rae8 19. Ra3 Nd7 20. Bxg6 fxg6 21. Ne4 c5 22. Nd6 Rb8 23. Qb1 Kh7 24.
g4 cxd4 25. gxh5 Nxe5 26. hxg6+ Kg8 27. Nb5 Qc4 28. Qe4 Rf5 29. Nd6 Qb4 30. Nxf5 Qxb2 31. Qxe5 Qxa3 1-0

[Event "Early-Titled-Tuesday-Blitz-December-26-2023"]
[Site "Chess.com"]
[Date "2023.12.26"]
[Round "9"]
[White "Ramla2020"]
[Black "Let_it_be_1"]
[Result "1/2-1/2"]
[WhiteElo "2463"]
[BlackElo "2556"]
[TimeControl "180+1"]
[EndTime "9:45:09 PST"]
[Termination "Game drawn by agreement"]

1. c4 e6 2. d4 d5 3. Nf3 Nf6 4.
Bg5 Be7 5. e3 O-O 6. Nc3 Nbd7 7.
Qc2 c5 8. cxd5 Nxd5 9. Bxe7 Qxe7 10. Be2 cxd4 11. Nxd4 Nxc3 12. Qxc3 e5 13. Nf5 Qf6 14. Ng3 Nb6 15. O-O Be6 16. Bf3 Rfc8 17. Ne4 Qf5 18. Qa5 Nc4 19. Qb4 Qg6 20. b3 Bd5 21. Ng3 a5 22. Qe1 Bxf3 23. gxf3 Nb2 24. Rc1 b6 25. Qd2 Nd3 26. Rxc8+ Rxc8 27. Rd1 Rd8 28. Kf1 h5 29. Qe2 Rd7 30. Ne4 Nc5 31. Nxc5 Rxd1+ 32. Qxd1 bxc5 33. Qd8+ Kh7 34. Qxa5 Qb1+ 35. Kg2 1/2-1/2

[Event "Early-Titled-Tuesday-Blitz-December-26-2023"]
[Site "Chess.com"]
[Date "2023.12.26"]
[Round "9"]
[White "LikeWater"]
[Black "sheldons73tshirt"]
[Result "1-0"]
[WhiteElo "2754"]
[BlackElo "2590"]
[TimeControl "180+1"]
[EndTime "9:45:12 PST"]
[Termination "LikeWater won on time"]

1. e4 c6 2. e5 d5 3. exd6 exd6 4.
d4 d5 5. Nf3 Bd6 6. c4 dxc4 7.
Bxc4 Nf6 8. O-O O-O 9. Nc3 h6 10. Re1 Bg4 11. h3 Bxf3 12. Qxf3 Nbd7 13. a3 Qb6 14.
Qd3 Rad8 15. Bxh6 Kh8 16. Bg5 Bb8 17. Ne4 Ne5 18. Qg3 Ng6 19. Qf3 Nxe4 20. Rxe4 Qc7 21. Qh5+ Kg8 22. Qxg6 Qh2+ 23. Kf1 Qh1+ 24. Ke2 Qxa1 25.
Bf6 Qxb2+ 26. Kf3 Qxa3+ 27. Kg4 1-0

[Event "Early-Titled-Tuesday-Blitz-December-26-2023"]
[Site "Chess.com"]
[Date "2023.12.26"]
[Round "9"]
[White "Jospem"]
[Black "Zhigalko_Sergei"]
[Result "1-0"]
[WhiteElo "3077"]
[BlackElo "2904"]
[TimeControl "180+1"]
[EndTime "9:45:15 PST"]
[Termination "Jospem won by checkmate"]

1. e4 c5 2. Nc3 Nc6 3. Bb5 Nd4 4. Nf3 e6 5. Bd3 Nxf3+ 6. Qxf3 Bd6 7. Bc4 Ne7 8. d3 Ng6 9. O-O a6 10. a4 Qc7 11. g3 O-O 12. Qh5 Be5 13. Be3 Bd4 14. Bxd4 cxd4 15. Ne2 Ne5 16. Bb3 Nc6 17. f4 g6 18. Qg5 f5 19. g4 Kh8 20. Ng3 d6 21. Rae1 Qg7 22. gxf5 exf5 23. Rf2 Bd7 24. exf5 Bxf5 25. Rfe2 Bh3 26. Qh4 Bf5 27. Bd5 Rac8 28. Bxc6 bxc6 29. Re7 Rf7 30. Rxf7 Qxf7 31. Re7 g5 32.
Rxf7 gxh4 33. Nxf5 Rf8 34. Rxf8# 1-0

[Event "Early-Titled-Tuesday-Blitz-December-26-2023"]
[Site "Chess.com"]
[Date "2023.12.26"]
[Round "9"]
[White "Kacparov"]
[Black "Kiborg95"]
[Result "0-1"]
[WhiteElo "2941"]
[BlackElo "2824"]
[TimeControl "180+1"]
[EndTime "9:45:15 PST"]
[Termination "Kiborg95 won on time"]

1. e4 d6 2. d4 Nf6 3. Nc3 e5 4. Nf3 Nbd7 5. Bc4 Be7 6. O-O O-O 7. a4 c6 8. h3 h6 9. Re1 Re8 10.
Ba2 a5 11. Be3 exd4 12. Nxd4 Bf8 13. Nf5 Ne5 14. f4 Bxf5 15. exf5 Ned7 16. g4 d5 17. Bf2 Rxe1+ 18. Qxe1 Qc7 19. g5 Re8 20. Qd1 Ne4 21.
Nxe4 Rxe4 22. g6 Nf6 23. gxf7+ Kxf7 24. c4 dxc4 25. b3 Rxf4 26. bxc4 Rxf2 27. Kxf2 Qh2+ 28. Ke3 Qxh3+ 29. Qf3 Bc5+ 30. Ke2 Qh2+ 31. Kd3 Nd7 32.
Re1 Ne5+ 33. Rxe5 Qxe5 34. Qh5+ Kf8 35. Bb3 Qe3+ 36. Kc2 Bd4 37. Ba2 Qc3+ 38. Kd1 Qa1+ 39. Kc2 Qxa2+ 40. Kd3 Bf6 41. Qh1 Qb3+ 42. Kd2 Qc3+ 0-1

[Event "Early-Titled-Tuesday-Blitz-December-26-2023"]
[Site "Chess.com"]
[Date "2023.12.26"]
[Round "9"]
[White "Alex_Banzea"]
[Black "Matic_Nareks"]
[Result "1/2-1/2"]
[WhiteElo "2637"]
[BlackElo "2504"]
[TimeControl "180+1"]
[EndTime "9:45:15 PST"]
[Termination "Game drawn by repetition"]

1. d4 d6 2. Nc3 Nf6 3. e4 e5 4.
Nge2 Nbd7 5. h3 d5 6. exd5 exd4 7. Nxd4 Bb4 8. Ne2 O-O 9. a3 Bxc3+ 10. Nxc3 Re8+ 11.
Be2 Nb6 12. Bg5 h6 13. Bh4 g5 14. Bg3 Nfxd5 15. Nxd5 Qxd5 16. O-O c6 17. Bf3 Qxd1 18. Raxd1 Bf5 19. Rd2 Rad8 20. Rfd1 Rxd2 21. Rxd2 Nc4 22. Rd4 Nb6 23. c4 Be6 24. b3 Nd7 25. b4 Nb6 26. Be2 Re7 27. Kf1 Rd7 28. Rxd7 Nxd7 29. c5 a6 30. Ke1 f5 31. Bd6 Kf7 32. Kd2 Bd5 33. f3 Ke6 34. Kc3 Nf6 35. a4 h5 36.
b5 axb5 37. axb5 g4 38. b6 gxh3 39. gxh3 Nd7 40. Kd4 Nxb6 41. h4 Nc8 42. Bg3 Kf6 43.
f4 Bf7 44. Be1 Ne7 45. Bc3 Nd5 46. Bd2 Ke6 47. Bc4 Be8 48. Bxd5+ cxd5 49. Be1 Bb5 50. Bd2 Bc4 51. Be1 Bb5 52. Bc3 Bc6 53.
Bd2 Bb5 54. Bc3 Bc6 55. Bd2 Bb5 56. Bc3 1/2-1/2

[Event "Early-Titled-Tuesday-Blitz-December-26-2023"]
[Site "Chess.com"]
[Date "2023.12.26"]
[Round "9"]
[White "missponyo10"]
[Black "nitpicker"]
[Result "1-0"]
[WhiteElo "2256"]
[BlackElo "2288"]
[TimeControl "180+1"]
[EndTime "9:45:15 PST"]
[Termination "missponyo10 won on time"]

1. e4 c5 2. Nf3 Nc6 3. d3 g6 4. Nbd2 Bg7 5. g3 e5 6. Bg2 Nge7 7. O-O O-O 8. Re1 h6 9. Nf1 d5 10. exd5 Nxd5 11. Ne3 Nde7 12. c3 Be6 13. Qc2 Qd7 14.
b3 Rad8 15. Rd1 f5 16. Bb2 Rf7 17. Qe2 Rdf8 18. Nc2 f4 19. d4 Bg4 20. dxe5 Qf5 21. e6 Rf6 22. Rf1 Qh5 23. Nce1 Rxe6 24. Qc4 Kh7 25. Rd1 Rxe1 26. Rdxe1 Bxf3 27. Bxf3 Qxf3 28. Qe4 Qxe4 29. Rxe4 Nd5 30. Rc1 b5 31. Ba1 f3 32.
c4 bxc4 33. Bxg7 Kxg7 34. Rcxc4 Nb6 35. Rxc5 Nd8 36. Rc7+ Rf7 37. Ree7 Kf8 38. Rxf7+ Nxf7 39. Rxa7 Ne5 40. a4 Nd5 41. a5 Nb4 42. Ra8+ Ke7 43. a6 Nd7 44. a7 Kd6 45. Rd8 1-0

[Event "Early-Titled-Tuesday-Blitz-December-26-2023"]
[Site "Chess.com"]
[Date "2023.12.26"]
[Round "9"]
[White "egnfanclub"]
[Black "Shuvalov"]
[Result "0-1"]
[WhiteElo "2339"]
[BlackElo "2521"]
[TimeControl "180+1"]
[EndTime "9:45:18 PST"]
[Termination "Shuvalov won by resignation"]

1. e4 e6 2. d4 d5 3. Nc3 Bb4 4. Ne2 Nc6 5. a3 Ba5 6. b4 Bb6 7. e5 f6 8. b5 Nxd4 9. Nxd4 fxe5 10. Qh5+ Kf8 11. Qxe5 Qf6 12. Qxf6+ gxf6 13. Nf3 Ne7 14. Na4 e5 15. Nxb6 axb6 16. c4 d4 17. Bd3 Kf7 18.
O-O Bf5 19. Bxf5 Nxf5 20. Bb2 Ra4 21. Rac1 Nd6 22. Nd2 c5 23. bxc6 bxc6 24. f4 Ke6 25. fxe5 fxe5 26. Nf3 c5 27. Ng5+ Ke7 28. Rfe1 Nxc4 29.
Rc2 h6 30. Nf3 Kd6 31. Bc1 b5 32. Rce2 Re8 33. Nd2 Nxd2 34. Rxd2 e4 35. Rf2 e3 36.
Rf7 Rc4 37. Rb7 Kc6 38. Rh7 Re6 39. Ra7 Kb6 40. Rd7 Rc2 41. Rd5 Kc6 42. Rd8 Re4 43.
g3 c4 44. Rc8+ Kb7 45. Rh8 e2 46. Rxh6 d3 47. Kf2 Rxc1 48. Rxc1 d2 49. Rb1 e1=Q+ 0-1

[Event "Early-Titled-Tuesday-Blitz-December-26-2023"]
[Site "Chess.com"]
[Date "2023.12.26"]
[Round "9"]
[White "hsd2016"]
[Black "The_Straightforward_Rook"]
[Result "1/2-1/2"]
[WhiteElo "2249"]
[BlackElo "2479"]
[TimeControl "180+1"]
[EndTime "9:45:19 PST"]
[Termination "Game drawn - insufficient material"]

1. e4 c6 2. d4 d5 3. Nd2 dxe4 4. Nxe4 Nf6 5. Nxf6+ exf6 6. c3 Bd6 7. Bd3 O-O 8.
Qc2 h5 9. Ne2 Re8 10. Be3 Na6 11. O-O-O Nc7 12. h3 Nd5 13. Bd2 b5 14. Rde1 a5 15.
Rhg1 a4 16. g4 h4 17. g5 Bxh3 18. g6 Re7 19. gxf7+ Kxf7 20. Bf5 Bxf5 21. Qxf5 Qh8 22. Nf4 Nxf4 23. Rxe7+ Kxe7 24. Re1+ Kd8 25. Bxf4 Bxf4+ 26. Qxf4 Qh6 27. Qxh6 gxh6 28. Rh1 Ke7 29. Rxh4 Rh8 30. Kd2 Ke6 31. Ke3 Kf5 32. Rh5+ Kg6 33. Rc5 Rc8 34.
Kf4 h5 35. d5 Kf7 36. dxc6 Ke6 37. Rxh5 Rxc6 38. Rxb5 a3 39. bxa3 Rxc3 40. Rb1 Rxa3 41. Ra1 Ra4+ 42. Ke3 Ke5 43. a3 f5 44. Kd3 Kf4 45. Kc3 Kf3 46. Kb3 Ra8 47. Ra2 f4 48. a4 Rb8+ 49. Kc4 Rc8+ 50. Kd5 Rd8+ 51. Kc6 Rc8+ 52.
Kb7 Rc5 53. a5 Rxa5 54. Rxa5 Kxf2 55. Kc6 f3 56. Kd5 Kg2 57. Ke4 f2 58. Ra2 Kg1 59. Ra1+ f1=Q 60. Rxf1+ Kxf1 1/2-1/2

[Event "Early-Titled-Tuesday-Blitz-December-26-2023"]
[Site "Chess.com"]
[Date "2023.12.26"]
[Round "9"]
[White "MIss_MIaMI"]
[Black "Kimster98"]
[Result "0-1"]
[WhiteElo "2428"]
[BlackElo "2576"]
[TimeControl "180+1"]
[EndTime "9:45:21 PST"]
[Termination "Kimster98 won by resignation"]

1. e4 c5 2. Nf3 e6 3. d4 cxd4 4. c3 Qa5 5. Nxd4 Nc6 6. Nxc6 bxc6 7. Bd3 d5 8. O-O Nf6 9. Nd2 Ba6 10. Qe2 Bxd3 11. Qxd3 Be7 12. f3 O-O 13. Kh1 Rfd8 14. e5 Nd7 15. f4 Qb5 16. Qf3 Nc5 17. h3 Qd3 18. b3 Qxf3 19. Nxf3 Ne4 20. Bb2 a5 21.
Kh2 a4 22. Nd4 Rdc8 23. f5 c5 24. fxe6 cxd4 25. exf7+ Kf8 26. cxd4 Rc2 27. Rfb1 Nd2 28. Bc1 Nxb1 29. Rxb1 axb3 30. axb3 Kxf7 31. b4 Raa2 32.
b5 Rxg2+ 33. Kh1 Rh2+ 34. Kg1 Rag2+ 35. Kf1 Rc2 36. Kg1 Rhg2+ 37. Kh1 Rg6 38. b6 Rxb6 39. Rxb6 Rxc1+ 40. Kg2 Rc4 41. e6+ Kf6 42. Kg3 Rxd4 43. Rb5 Kxe6 44. Rb6+ Bd6+ 45. Kf3 Rd3+ 46. Kg4 g6 47.
Kh4 h6 48. Kg4 Rd4+ 49. Kf3 Ke5 50. Rb3 Kf5 51. Kg2 Rc4 52. Rf3+ Bf4 53. Ra3 d4 54. Kf3 Rc3+ 55. Rxc3 dxc3 56. Ke2 c2 0-1

[Event "Early-Titled-Tuesday-Blitz-December-26-2023"]
[Site "Chess.com"]
[Date "2023.12.26"]
[Round "9"]
[White "arturdailima"]
[Black "Felix-Rose"]
[Result "1-0"]
[WhiteElo "2329"]
[BlackElo "2245"]
[TimeControl "180+1"]
[EndTime "9:45:21 PST"]
[Termination "arturdailima won by resignation"]

1. c4 Nf6 2. Nf3 e6 3. d4 d5 4. e3 Be7 5. Nc3 O-O 6. a3 b6 7. cxd5 Nxd5 8. Bd2 Bb7 9. Bd3 Nf6 10. Qe2 c5 11.
dxc5 Bxc5 12. Rd1 a5 13. O-O Nc6 14. e4 Nd4 15. Nxd4 Bxd4 16. Bg5 h6 17. Bh4 Qb8 18. Nb5 Be5 19. f4 Bxf4 20. Bxf6 Bxh2+ 21. Kh1 gxf6 22.
Qg4+ Kh8 23. Qh4 Bg3 24. Qxf6+ Kg8 25. Qxh6 Qe5 26. Rf3 Rfd8 27. Qh3 Bf4 28. Qg4+ Bg5 29. Rg3 f6 30. Rh3 Kg7 31. Bc4 Rxd1+ 32. Qxd1 Qxe4 33. Qd7+ Kg8 34. Bxe6+ 1-0

[Event "Early-Titled-Tuesday-Blitz-December-26-2023"]
[Site "Chess.com"]
[Date "2023.12.26"]
[Round "9"]
[White "Iskusnyh"]
[Black "Vincent_Vega95"]
[Result "0-1"]
[WhiteElo "2632"]
[BlackElo "2855"]
[TimeControl "180+1"]
[EndTime "9:45:23 PST"]
[Termination "Vincent_Vega95 won on time"]

1. d4 Nf6 2. c4 g6 3. g3 Bg7 4. Bg2 O-O 5. Nc3 d6 6. Nf3 Nbd7 7. O-O e5 8. e4 a6 9. Qc2 exd4 10. Nxd4 Qe7 11.
Re1 c5 12. Nde2 Ne5 13. Nf4 Bg4 14. Ncd5 Nxd5 15. Nxd5 Qd8 16. h3 Be6 17. Be3 Nc6 18. Rad1 Bd4 19. Bh6 Re8 20. Kh2 Rb8 21. f4 b5 22. e5 dxe5 23. Bg5 Bxd5 24. Bxd8 Bxg2 25. Qxg2 Nxd8 26. cxb5 axb5 27. fxe5 Ne6 28. b3 Ra8 29.
Re2 Ra7 30. Qc6 Rb8 31. Rf1 Rc7 32. Qd5 Rd8 33. Qf3 c4 34. bxc4 bxc4 35. h4 h5 36. Kh3 c3 37. Rc2 Bxe5 38. Re1 Rc5 39. Re3 Nd4 40. Qf2 Nxc2 41. Qxc2 Bg7 42. Re2 Rcd5 43.
Qb3 Rd2 44. Re7 Rf2 45. Rc7 Rdd2 0-1

[Event "Early-Titled-Tuesday-Blitz-December-26-2023"]
[Site "Chess.com"]
[Date "2023.12.26"]
[Round "9"]
[White "Drags95"]
[Black "biostatistician"]
[Result "1-0"]
[WhiteElo "2804"]
[BlackElo "2623"]
[TimeControl "180+1"]
[EndTime "9:45:24 PST"]
[Termination "Drags95 won by resignation"]

1. d4 Nf6 2. c4 g6 3. Nc3 Bg7 4. e4 d6 5. Be2 O-O 6. Be3 Nc6 7.
d5 Ne5 8. f4 Neg4 9. Bd2 e5 10.
h3 Nh6 11. g4 exf4 12. g5 Nh5 13. Nf3 Nf5 14. exf5 Bxf5 15. Qb3 Ng3 16. Rh2 Re8 17.
Bxf4 Nxe2 18. Rxe2 Bd3 19. Rxe8+ Qxe8+ 20. Kf2 Qd7 21. Kg3 Re8 22. Nd1 Be2 23. Nf2 b6 24. Re1 Bxf3 25.
Rxe8+ Qxe8 26. Kxf3 Qe1 27. Qe3 Qxe3+ 28. Bxe3 Bxb2 29.
a4 f6 30. Nd3 Ba1 31. Nb4 Kf7 32. Nc6 a5 33. Nd8+ Ke7 34. Ne6 c6 35. gxf6+ Kxf6 36. Bxb6 cxd5 37. cxd5 Ke5 38. Bxa5 Kxd5 39. Nf8 Kc4 40.
Nxh7 Kb3 41. Bc7 Kxa4 42. Bxd6 Kb5 43. Kg4 Kc6 44. Be7 Kd7 45. Bf6 Bxf6 46. Nxf6+ Ke6 47. Kg5 Kf7 48. Ng4 Kg7 49. Ne5 1-0

[Event "Early-Titled-Tuesday-Blitz-December-26-2023"]
[Site "Chess.com"]
[Date "2023.12.26"]
[Round "9"]
[White "SharapovEvgeny"]
[Black "laskakid"]
[Result "1-0"]
[WhiteElo "2557"]
[BlackElo "2359"]
[TimeControl "180+1"]
[EndTime "9:45:24 PST"]
[Termination "SharapovEvgeny won on time"]

1. e4 e5 2. Nf3 Nc6 3. Bb5 a6 4. Ba4 Nf6 5. d3 d6 6. c3 g6 7.
O-O Bg7 8. Re1 O-O 9. Nbd2 h6 10. Nf1 Bd7 11. Ng3 Nh7 12. d4 exd4 13. cxd4 Bg4 14.
Bxc6 bxc6 15. Be3 Ng5 16. Bxg5 hxg5 17. h3 Bxf3 18. gxf3 c5 19. dxc5 Bxb2 20. Rb1 Be5 21. cxd6 cxd6 22. Kg2 Kg7 23. Qd5 Rb8 24. Rb7 Rxb7 25.
Qxb7 Qc8 26. Rb1 Rh8 27. Qxc8 Rxc8 28. Rb6 a5 29. Ra6 Rc5 30. Nf1 Bd4 31. Rxd6 Be5 32. Rd5 Rxd5 33. exd5 Kf6 34. Ne3 Bd4 35. Nc4 a4 36. Kf1 Bc5 37. Ke2 Kf5 38. Nb2 a3 39. Nd3 Bd6 40. Ke3 Kf6 41. Kd4 Ke7 42. Kc4 Bh2 43. Kc5 Kd7 44. Kb4 Kd6 45. Kc4 Bg1 46. Nc5 Ke5 47. Ne4 f6 48. d6 Ke6 49. d7 Kxd7 50. Nxf6+ Ke6 51. Ne4 Kf5 52. Kd3 Kf4 53. Ke2 1-0

[Event "Early-Titled-Tuesday-Blitz-December-26-2023"]
[Site "Chess.com"]
[Date "2023.12.26"]
[Round "9"]
[White "tylityli"]
[Black "RodokininEV"]
[Result "0-1"]
[WhiteElo "2244"]
[BlackElo "2564"]
[TimeControl "180+1"]
[EndTime "9:45:24 PST"]
[Termination "RodokininEV won on time"]

1. d4 Nf6 2. c4 e6 3. Nc3 Bb4 4. e3 O-O 5. Ne2 Re8 6. a3 Bf8 7. d5 d6 8. g3 g6 9. Bg2 c6 10. O-O Bg7 11. e4 cxd5 12. cxd5 e5 13. h3 Nbd7 14.
b4 a5 15. Be3 Nb6 16. bxa5 Nc4 17. Bc1 Qxa5 18. Qb3 Qa6 19. a4 Bd7 20. Bg5 Rec8 21. Rfc1 h6 22. Bxf6 Bxf6 23. Nb5 Na5 24. Qb4 Be7 25.
Bf1 Qb6 26. Rc3 Rxc3 27. Nexc3 Rc8 28. Rb1 Kg7 29. Kg2 f5 30. Bd3 Rf8 31. f4 Bf6 32.
Rf1 exf4 33. exf5 g5 34. Qxd6 Qxd6 35. Nxd6 Bxc3 36. gxf4 Bb4 37. Ne4 Bxf5 0-1